 Dungeon Crawl Stone Soup version 0.21.1-1-g345015f (webtiles) character file.

9 tidbits the Grave Robber (level 2, -2/20 HPs)
             Began as a Gnoll Necromancer on June 21, 2018.
             Slain by Sigmund
             ... wielding a +0 scythe
              (10 damage)
             ... on level 2 of the Dungeon.
             The game lasted 00:01:16 (100 turns).

tidbits the Grave Robber (Gnoll Necromancer)         Turns: 100, Time: 00:01:16

Health: -2/20      AC:  2    Str: 10    XL:     2   Next: 16%
Magic:  0/7        EV: 14    Int: 17    God:
Gold:   8          SH:  0    Dex: 15    Spells: 9/10 levels left

rFire    . . .     SeeInvis .   d - +0 short sword
rCold    . . .     Gourm    .   (no shield)
rNeg     . . .     Faith    .   a - +0 robe
rPois    .         Spirit   .   (no helmet)
rElec    .         Reflect  .   (no cloak)
rCorr    .         Harm     .   (no gloves)
MR       .....                  (no boots)
Stlth    +++.......             (no amulet)
HPRegen  0.06/turn              (no ring)
MPRegen  0.10/turn              (no ring)

@: no status effects
A: distributed training, fangs 1, strong nose
a: no special abilities


You were on level 2 of the Dungeon.
You were not hungry.

You visited 1 branch of the dungeon, and saw 2 of its levels.

You collected 8 gold pieces.

Inventory:

Hand Weapons
 d - a +0 short sword (weapon)
Missiles
 e - 2 stones (quivered)
 f - 14 bolts
Armour
 a - a +0 robe (worn)
Books
 b - a book of Necromancy

   Spells                             Type                      Level
   a - Pain                           Necromancy                   1
   b - Animate Skeleton               Necromancy                   1
   c - Vampiric Draining              Necromancy                   3
   d - Regeneration                   Charms/Necromancy            3
   e - Animate Dead                   Necromancy                   4
   f - Borgnjor's Vile Clutch         Necromancy/Earth             5
Comestibles
 c - a ration


   Skills:
 + Level 0.3 Fighting
 + Level 0.3 Short Blades
 + Level 0.3 Long Blades
 + Level 0.3 Axes
 + Level 0.3 Maces & Flails
 + Level 0.3 Polearms
 + Level 0.3 Staves
 + Level 0.3 Slings
 + Level 0.3 Bows
 + Level 0.3 Crossbows
 + Level 0.3 Throwing
 + Level 0.3 Armour
 + Level 4.4 Dodging
 + Level 4.0 Stealth
 + Level 0.3 Shields
 + Level 0.3 Unarmed Combat
 + Level 4.9 Spellcasting
 + Level 0.2 Conjurations
 + Level 0.2 Hexes
 + Level 0.2 Charms
 + Level 0.2 Summonings
 + Level 7.0 Necromancy
 + Level 0.2 Translocations
 + Level 0.2 Transmutations
 + Level 0.2 Fire Magic
 + Level 0.2 Ice Magic
 + Level 0.2 Air Magic
 + Level 0.2 Earth Magic
 + Level 0.2 Poison Magic
 + Level 0.4 Invocations
 + Level 0.3 Evocations


You had 9 spell levels left.
You knew the following spells:

 Your Spells              Type           Power        Failure   Level  Hunger
a - Pain                  Necr           ####         1%          1    None


Dungeon Overview and Level Annotations

Branches:
Dungeon (2/15)

Altars:

Annotations:
D:2 Sigmund


Innate Abilities, Weirdness & Mutations

Your experience applies equally to all skills.
You have very sharp teeth.
Your uncanny sense of smell can sniff out nearby items.


Message History

The kobold writhes in agony!
You kill the kobold!
A kobold comes into view. It is wielding a short sword.
Casting: Pain
Confirm with . or Enter, or press ? or * to list all spells.
Aiming: Pain
Press: ? - help, Shift-Dir - straight line, f - kobold
Aim: a kobold, wielding a short sword (chance to defeat MR: 93%)
The kobold writhes in agony!
Casting: Pain
Confirm with . or Enter, or press ? or * to list all spells.
Aiming: Pain
Press: ? - help, Shift-Dir - straight line, f/p - kobold
Aim: a kobold, wielding a short sword (chance to defeat MR: 93%)
The kobold writhes in agony!
You kill the kobold!
Things that are here:
a short sword; a kobold corpse A kobold comes into view.
It is wielding a club.
Found a scroll labeled TOPHAO MEQANIC.
The kobold shouts!
Casting: Pain
Confirm with . or Enter, or press ? or * to list all spells.
Aiming: Pain
Press: ? - help, Shift-Dir - straight line, f - kobold
Aim: a kobold, wielding a club (chance to defeat MR: 93%)
The kobold writhes in agony!
You kill the kobold!
You see here a scroll labeled TOPHAO MEQANIC.
g - a scroll labeled TOPHAO MEQANIC
Things that are here:
a club; a kobold corpse
Found a scroll labeled KOHASS TATEIW.
A rat comes into view.
The helpless rat fails to defend itself.
You puncture the rat!
You kill the rat!
You have reached level 2!
You see here a scroll labeled KOHASS TATEIW.
h - a scroll labeled KOHASS TATEIW A hobgoblin comes into view.
The hobgoblin shouts!
You hear a bark!
You hear a shout! x2
The hobgoblin falls through a shaft!
The shaft crumbles and collapses.
A kobold comes into view.
The kobold shouts!
Found a leather armour.
Casting: Pain
Confirm with . or Enter, or press ? or * to list all spells.
Aiming: Pain
Press: ? - help, Shift-Dir - straight line, f - kobold
Aim: a kobold (chance to defeat MR: 93%)
The kobold writhes in agony!
You kill the kobold!
A bat and a jackal come into view.
Casting: Pain
Confirm with . or Enter, or press ? or * to list all spells.
Aiming: Pain
Press: ? - help, Shift-Dir - straight line, f - jackal
Aim: a jackal (hasn't noticed you, chance to defeat MR: 93%)
The jackal barks!
The jackal writhes in agony!
You hear an angry hiss.
Sigmund the Dreaded comes into view.
He is wielding a scythe.
The bat barely misses you. The bat closely misses you.
Sigmund says, "Look into my eyes."
A kobold comes into view.
The bat closely misses you.
You aren't carrying any potions.
Unknown command.
Casting: Pain
Confirm with . or Enter, or press ? or * to list all spells.
Aiming: Pain
Press: ? - help, Shift-Dir - straight line, f/p - jackal
Aim: a jackal (severely wounded, chance to defeat MR: 93%)
The jackal writhes in agony!
The jackal completely misses you.
The jackal bites you but does no damage.
Casting: Pain
Confirm with . or Enter, or press ? or * to list all spells.
Aiming: Pain
Press: ? - help, Shift-Dir - straight line, f/p - jackal
Aim: a jackal (almost dead, chance to defeat MR: 93%)
The jackal writhes in agony!
You kill the jackal!
The bat misses you.
Casting: Pain
Confirm with . or Enter, or press ? or * to list all spells.
Aiming: Pain
Press: ? - help, Shift-Dir - straight line, f - Sigmund
Aim: Sigmund, wielding a scythe and wearing an embroidered robe (chance to defeat MR: 89%) Sigmund writhes in agony!
Sigmund barely misses you.
You aren't carrying any potions.
Unknown command.
As you read the scroll labeled KOHASS TATEIW, it crumbles to dust.
The scroll dissolves into smoke.
It was a scroll of fog.
Sigmund misses you.
As you read the scroll labeled TOPHAO MEQANIC, it crumbles to dust.
It is a scroll of amnesia.
Okay, then.
Sigmund hits you from afar with a scythe!
Ouch! That really hurt!
You die...

.$........# ####
####......# #...
####......# ## #[K.
.........$# .#.@# ∆
..)...##### ##..#
......# #b.# .# ......#
#@## ∆ #.# ......# #§§##
#..# ......# ##§@## #..#
......########§#§§###..#
...........).##.#..#..#
############.#†#.#...#
#.######.## #........#
##########


You could see Sigmund.

Vanquished Creatures
  A goblin (D:2)
  A jackal (D:2)
  6 kobolds (D:2)
  A rat (D:2)
9 creatures vanquished.

Notes
Turn   | Place    | Note
-------+----------+-------------------------------------------
     0 | D:1      | tidbits the Gnoll Necromancer began the quest for the Orb.
     0 | D:1      | Reached XP level 1. HP: 13/13 MP: 6/6
    84 | D:2      | Reached XP level 2. HP: 12/19 MP: 4/7
    93 | D:2      | Noticed Sigmund
   100 | D:2      | Slain by Sigmund

Action                   || total
-------------------------++-------
Melee: Short sword       ||     1
 Cast: Pain              ||    13
  Use: Scroll            ||     2
 Stab: Sleeping          ||     1
Armor: Robe              ||     1
Dodge: Dodged            ||     8

Table legend:
 A = Turns spent in this place as a percentage of turns spent in the entire game.
 B = Non-inter-level travel turns spent in this place as a percentage of non-inter-level travel turns spent in the entire game.
 C = Inter-level travel turns spent in this place as a percentage of turns spent in this place.
 D = Turns resting spent in this place as a percentage of non-inter-level travel turns spent in this place.
 E = Turns spent auto-exploring this place as a percentage of non-inter-level travel turns spent in this place.
 F = Non-inter-level travel turns spent in this place divided by the number of levels of this place that you've seen.
                   A       B       C       D       E      F
               +-------+-------+-------+-------+-------+----------------------
         Total | 100.0 | 100.0 |   0.0 |   0.0 |   0.0 |  50.0
       Dungeon | 100.0 | 100.0 |   0.0 |   0.0 |   0.0 |  50.0
               +-------+-------+-------+-------+-------+----------------------

Table legend:
 A = Kills in this place as a percentage of kills in entire the game.
 B = Kills by you in this place as a percentage of kills by you in the entire game.
 C = Kills by friends in this place as a percentage of kills by friends in the entire game.
 D = Other kills in this place as a percentage of other kills in the entire game.
 E = Experience gained in this place as a percentage of experience gained in the entire game.
 F = Experience gained in this place divided by the number of levels of this place that you have seen.
                   A       B       C       D       E      F
               +-------+-------+-------+-------+-------+----------------------
         Total | 100.0 | 100.0 |   N/A |   N/A | 100.0 |   7.0
       Dungeon | 100.0 | 100.0 |   N/A |   N/A | 100.0 |   7.0
               +-------+-------+-------+-------+-------+----------------------

Vault maps used:
D:1:      minmay_arrival_plants_in_alcoves, hangedman_decor_lopped
D:2:      minmay_diamond_boxcup, first_ration, uniq_sigmund
